cohdb
Replays
Latest Replays
All Replays
Popular Replays
Top Player Replays
Match Explorer
How It Works
Community
CoH3 Stats
Reddit
Sign in to upload your games and track your stats! →
Sign in with Steam
Match 40064520
Unlisted
Match 40064520
Overview
Messages
Build Orders
End
Scout Squad
Construct Barracks
Selects Heavy Weapons
Riflemen Squad
Riflemen Squad
Riflemen Squad
Construct Weapon Support Center
Grenade Package
M1919 Machine Gun Team
Selects M2HB .50cal Heavy Machine Gun
Infantry Support Center
Construct Medical Station
Construct Motor Pool
M8 Greyhound Armored Car
M1 Anti-tank Gun Team
M1 Anti-tank Gun Team
M1918 Browning Automatic Rifles
M1 Mortar Team
Riflemen Squad
JackassYO
Hakim
BIOHAZARD
[LoB]Fagio
0
0
Comments
sign in to comment!
No comments posted yet!